 Dungeon Crawl Stone Soup version 0.30-a0-782-ge64f9170bb (webtiles) character file.

Game seed: 11522951715742169850

88 Leeroy the Slasher (level 4, 0/33 HPs)
             Began as a Merfolk Gladiator on Feb 24, 2023.
             Slain by an orc
             ... wielding a +0 trident
              (8 damage)
             ... on level 3 of the Dungeon.
             The game lasted 00:01:47 (1821 turns).

Leeroy the Slasher (Merfolk Gladiator)              Turns: 1821, Time: 00:01:47

Health: 0/33       AC:  4    Str: 14    XL:     4   Next: 54%
Magic:  4/4        EV: 13    Int:  7    God:
Gold:   65         SH:  0    Dex: 17    Spells: 3/3 levels left

rFire   . . .      SeeInvis .    a - +0 long sword
rCold   . . .      Faith    .    (no shield)
rNeg    . . .      Spirit   .    b - +0 leather armour
rPois   .          Reflect  .    c - +0 helmet
rElec   .          Harm     .    (no cloak)
rCorr   .          Rampage  .    (no gloves)
Will    .....                    (no boots)
Stlth   +                        (no amulet)
HPRegen 0.25/turn                x - ring of wizardry
MPRegen 0.09/turn                (no ring)

@: no status effects
A: (nimble swimmer 2), mertail
a: no special abilities


You were on level 3 of the Dungeon.
You visited 1 branch of the dungeon, and saw 3 of its levels.

You collected 65 gold pieces.

Inventory:

Hand Weapons
 a - a +0 long sword (weapon)
Missiles
 d - 3 throwing nets (quivered)
 e - a javelin
Armour
 b - a +0 leather armour (worn)
 c - a +0 helmet (worn)
Jewellery
 x - a ring of wizardry (left hand)
Scrolls
 f - 3 scrolls of blinking {unknown}
 h - a scroll of fog {unknown}
 i - 2 scrolls of magic mapping {unknown}
 j - a scroll of acquirement {unknown}
 k - 3 scrolls of teleportation {unknown}
 l - 2 scrolls of vulnerability {unknown}
 m - 3 scrolls of identify {unknown}
 p - a scroll of enchant weapon {unknown}
 q - a scroll of silence {unknown}
 r - 3 scrolls of brand weapon {unknown}
 w - a scroll of noise {unknown}
Potions
 g - 2 potions of lignification {unknown}
 n - 2 potions of resistance {unknown}
 o - a potion of magic {unknown}
 s - a potion of heal wounds {unknown}
 t - a potion of degeneration {unknown}
 u - 2 potions of might {unknown}
 v - a potion of invisibility {unknown}


   Skills:
 - Level 2.1 Fighting
 + Level 6.2 Long Blades
 - Level 2.0 Throwing
 - Level 4.0 Dodging


You had 3 spell levels left.
You didn't know any spells.
Your spell library contained the following spells:

 Spells                   Type           Power      Damage    Failure   Level
 Sublimation of Blood     Necr           0%         N/A       32%         2
 Wereblood                Tmut           0%         N/A       32%         2
 Summon Hydra             Summ           0%         N/A       100%        7


Dungeon Overview and Level Annotations

Branches:
Dungeon (3/15)

Altars:


Innate Abilities, Weirdness & Mutations

((You are very nimble when in or above water. (Stealth+, EV+, Speed+++)))
Your lower body shifts to a powerful aquatic tail in water.


Message History

You add the spells Sublimation of Blood, Wereblood and Summon Hydra to your library.
An orc comes into view. It is wielding a +0 trident.
The orc shouts!
An orc is nearby!
An orc and an orc priest come into view.
The orc priest shouts!
The orc priest calls down the wrath of Beogh upon you.
Beogh smites you!
The orc moves out of view.
You hear a shout!
The orc shouts!
The orc closely misses you.
You slash the orc!
The orc is almost dead.
The orc hits you with a +0 trident!
You are too injured to fight recklessly!
You are too injured to fight recklessly!
You are too injured to fight recklessly!
You are too injured to fight recklessly!
You are too injured to fight recklessly!
You barely miss the orc.
The orc is almost dead.
The orc hits you with a +0 trident. The orc closely misses you.
The orc priest hits you with a +0 club.
* * * LOW HITPOINT WARNING * * *
The orc closely misses you.
You hit the orc priest but do no damage.
The orc priest barely misses you. The orc misses you.
You closely miss the orc priest. The orc completely misses you.
The orc priest hits you but does no damage.
You hit the orc priest.
The orc priest is moderately wounded.
The orc priest miscasts a cantrip.
The orc hits you from afar with a +0 trident.
* * * LOW HITPOINT WARNING * * *
You slash the orc priest!
The orc priest is almost dead.
The orc priest hits you with a +0 club.
* * * LOW HITPOINT WARNING * * *
The orc hits you from afar with a +0 trident!
You die...

#.#.##...###.####.
#.#.##.#†..#......
#.#.#.......####..
#.#.#.......# #...
#...#.......###.#.
#..##.............
#..##.......###.##
#.###.......###...
#@# #####...#...##
#o# ##........
#oo# #...#....
#..# ##.......
#..# #.#...[. #..#
#....### #..#
###### # #..# #..#


You could see an orc priest and 2 orcs.

Vanquished Creatures
  Terence (D:2)
  A dart slug (D:3)
  An orc (D:3)
  2 ball pythons
  6 endoplasms
  2 giant cockroaches
  6 goblins
  6 hobgoblins
  3 jackals (D:1)
  4 quokkas
  A bat (D:3)
  5 frilled lizards
  14 kobolds
  2 rats (D:1)
54 creatures vanquished.

Vanquished Creatures (others)
  8 plants (D:2)
8 creatures vanquished.

Grand Total: 62 creatures vanquished

Notes
Turn   | Place    | Note
-------+----------+-------------------------------------------
     0 | D:1      | Leeroy the Merfolk Gladiator began the quest for the Orb.
     0 | D:1      | Reached XP level 1. HP: 16/16 MP: 1/1
    78 | D:1      | Reached skill level 4 in Long Blades
   106 | D:1      | Reached XP level 2. HP: 20/22 MP: 2/2
   108 | D:1      | You fall into a shaft and drop 1 floor!
   363 | D:2      | Reached skill level 5 in Long Blades
   363 | D:2      | Reached XP level 3. HP: 27/27 MP: 3/3
   367 | D:2      | Noticed Terence
   375 | D:2      | Killed Terence
   868 | D:1      | Reached XP level 4. HP: 33/33 MP: 4/4
  1112 | D:1      | Reached skill level 6 in Long Blades
  1656 | D:3      | Found a faded altar of an unknown god.
  1821 | D:3      | Slain by an orc

Illustrated notes

Levels and vault maps discovered:
D:1:      psy_arrival_radial01, layout_basic, chequers_mini_garden, minivault_19
D:2:      layout_basic, lexackson_kobold_supper, uniq_terence
D:3:      layout_rooms, basic_ecumenical_altar, serial_glass, glass_columns_a,
          glass_columns_a

Skill      XL: |  1  2  3  4 |
---------------+-------------+-----
Long Blades    | 4 5 6 |  6.2
Fighting       | |  2.1
Throwing       | |  2.0
Dodging        | |  4.0

Action                     |  1- 3 |  4- 6 || total
---------------------------+-------+-------++-------
  Melee: Long sword        |    71 |    83 ||   154
         Punch             |       |     1 ||     1
   Stab: Sleeping          |     2 |     1 ||     3
 Armour: Leather armour    |    20 |    22 ||    42
  Dodge: Dodged            |    44 |    66 ||   110

Table legend: (Time is in decaauts)
 A = Elapsed time spent in this place.
 B = Non-inter-level travel time spent in this place.
 C = Inter-level travel time spent in this place.
 D = Time resting spent in this place.
 E = Time spent auto-exploring this place.
 F = Levels seen in this place.
 G = Mean time per level.
                   A        B        C        D        E       F      G
               +--------+--------+--------+--------+--------+-----+--------+
         Total |   1839 |   1748 |     91 |      0 |   1396 |   3 |  613.0 |
       Dungeon |   1839 |   1748 |     91 |      0 |   1396 |   3 |  613.0 |
               +--------+--------+--------+--------+--------+-----+--------+

Top non-repeatable levels by time:
     D:2: 810 daAuts
     D:1: 789 daAuts
     D:3: 238 daAuts
